[ AOE2 MATCH · #481315287 ]
UnrankedMaya vs Cumans
[ REPLAY ANALYSIS · EXTRACTED FROM THE RECORDED GAME ]
Feudal
9:19
Castle
21:28
Imperial
—
| APM avg | 54.8 |
| APM peak | 93 |
| eAPM avg | 17.9 |
| Villagers / military | 129 / 40 |
Focus
⚔️ 27.0% · 🌾 73.0%
Archer ×38 · Spearman ×2
Feudal
9:01
Castle
23:31
Imperial
—
| APM avg | 41.7 |
| APM peak | 72 |
| eAPM avg | 18.3 |
| Villagers / military | 59 / 57 |
Focus
⚔️ 36.5% · 🌾 63.5%
Archer ×51 · Mangonel ×5 · Spearman ×1
Feudal
9:04
Castle
25:06
Imperial
—
| APM avg | 39.5 |
| APM peak | 77 |
| eAPM avg | 20.8 |
| Villagers / military | 107 / 50 |
Focus
⚔️ 20.0% · 🌾 80.0%
Steppe Lancer ×42 · Spearman ×4 · Scout Cavalry ×4
Feudal
10:20
Castle
22:50
Imperial
—
| APM avg | 24.7 |
| APM peak | 45 |
| eAPM avg | 14.5 |
| Villagers / military | 125 / 49 |
Focus
⚔️ 14.2% · 🌾 85.8%
Knight ×38 · Scout Cavalry ×10 · Monk ×1
Feudal
10:42
Castle
20:42
Imperial
—
| APM avg | 40.8 |
| APM peak | 90 |
| eAPM avg | 19.3 |
| Villagers / military | 69 / 44 |
Focus
⚔️ 32.7% · 🌾 67.3%
Archer ×43 · Mangonel ×1
Feudal
9:25
Castle
22:49
Imperial
—
| APM avg | 23.3 |
| APM peak | 34 |
| eAPM avg | 12.9 |
| Villagers / military | 73 / 46 |
Focus
⚔️ 30.5% · 🌾 69.5%
Knight ×30 · Scout Cavalry ×10 · Battering Ram ×4 · Monk ×1 · Mangonel ×1
Feudal
11:04
Castle
—
Imperial
—
| APM avg | 25.2 |
| APM peak | 55 |
| eAPM avg | 12.1 |
| Villagers / military | 48 / 15 |
Focus
⚔️ 21.4% · 🌾 78.6%
Archer ×11 · Spearman ×4
Feudal
9:41
Castle
18:52
Imperial
—
| APM avg | 42.8 |
| APM peak | 82 |
| eAPM avg | 20.6 |
| Villagers / military | 130 / 62 |
Focus
⚔️ 29.8% · 🌾 70.2%
Knight ×36 · Scout Cavalry ×24 · Monk ×2
Match map
Initial resources + every placement click. Lines = walls · curves = elevation contours. ◆ gold · ⬟ stone · ● berries · ✦ relic · ◌ wall gap
Your base· Open — unwalled flank
Oliver's base· ✓ Closed at 23:31 · 27t walls · 1 gate(s) · fragile
Marchantia's base· ✓ Closed at 25:06 · 0t walls · no gate
Vicky's base· ✓ Closed at 22:50 · 4t walls · fragile
RenRen's base· Open — 4t gap
naski's base· ✓ Closed at 22:49 · 0t walls · fragile
ATM_おれあぽ's base· Open — unwalled flank
cgan13289's base· Open — unwalled flank
Smoothed initial terrain · ◌ = detected wall gap · hover for details
Inputs per minute
— 尼玛个蛋 - - Oliver
Build order — 尼玛个蛋
First 150 of 320 actions detected
| 0:02 | Research | Loom |
| 0:03 | Build | House |
| 0:05 | Build | House |
| 0:18 | Queue | Villager (Male) |
| 0:18 | Queue | Villager (Male) |
| 0:56 | Queue | Villager (Male) |
| 0:56 | Queue | Villager (Male) |
| 1:26 | Queue | Villager (Male) |
| 1:26 | Queue | Villager (Male) |
| 1:58 | Queue | Villager (Male) |
| 1:58 | Queue | Villager (Male) |
| 2:30 | Queue | Villager (Male) |
| 2:30 | Queue | Villager (Male) |
| 2:30 | Queue | Villager (Male) |
| 2:53 | Queue | Villager (Male) |
| 2:57 | Build | Lumber Camp |
| 3:05 | Build | House |
| 3:13 | Queue | Villager (Male) |
| 3:13 | Queue | Villager (Male) |
| 3:38 | Queue | Villager (Male) |
| 3:38 | Queue | Villager (Male) |
| 3:43 | Build | House |
| 3:51 | Queue | Villager (Male) |
| 3:51 | Queue | Villager (Male) |
| 4:08 | Queue | Villager (Male) |
| 4:08 | Queue | Villager (Male) |
| 4:31 | Build | Palisade Wall |
| 4:33 | Build | Palisade Wall |
| 4:45 | Queue | Villager (Male) |
| 4:46 | Queue | Villager (Male) |
| 5:34 | Queue | Villager (Male) |
| 5:58 | Build | Mining Camp |
| 6:01 | Queue | Villager (Male) |
| 6:21 | Queue | Villager (Male) |
| 7:09 | Research | Feudal Age |
| 7:09 | Research | Feudal Age |
| 7:52 | Queue | Villager (Male) |
| 7:54 | Build | House |
| 8:26 | Build | Barracks |
| 8:46 | Queue | Villager (Male) |
| 9:19 | Age | Feudal Age |
| 9:21 | Build | Archery Range |
| 9:30 | Queue | Villager (Male) |
| 9:33 | Research | Double-Bit Axe |
| 9:50 | Queue | Spearman |
| 9:58 | Queue | Villager (Male) |
| 10:02 | Queue | Archer |
| 10:05 | Build | House |
| 10:15 | Queue | Villager (Male) |
| 10:17 | Queue | Archer |
| 10:26 | Queue | Archer |
| 10:41 | Build | Palisade Wall |
| 10:45 | Build | Blacksmith |
| 10:46 | Queue | Archer |
| 10:56 | Queue | Villager (Male) |
| 11:03 | Build | House |
| 11:10 | Build | House |
| 11:11 | Queue | Archer |
| 11:18 | Queue | Spearman |
| 11:44 | Research | Fletching |
| 11:47 | Queue | Archer |
| 11:47 | Queue | Archer |
| 11:52 | Build | House |
| 11:57 | Build | Mill |
| 12:10 | Queue | Archer |
| 12:10 | Queue | Archer |
| 12:18 | Queue | Villager (Male) |
| 12:18 | Queue | Villager (Male) |
| 12:25 | Build | House |
| 12:33 | Build | House |
| 13:07 | Queue | Villager (Male) |
| 13:08 | Queue | Archer |
| 13:08 | Queue | Archer |
| 13:08 | Queue | Archer |
| 13:21 | Build | House |
| 13:24 | Build | Palisade Gate |
| 13:28 | Build | Farm |
| 13:54 | Queue | Villager (Male) |
| 13:59 | Build | Archery Range |
| 14:02 | Queue | Villager (Male) |
| 14:50 | Queue | Villager (Male) |
| 14:54 | Build | Farm |
| 14:55 | Build | Farm |
| 14:57 | Build | Farm |
| 15:06 | Queue | Archer |
| 15:06 | Queue | Archer |
| 15:13 | Queue | Villager (Male) |
| 15:17 | Build | Farm |
| 15:23 | Queue | Archer |
| 15:23 | Queue | Archer |
| 15:24 | Queue | Villager (Male) |
| 15:30 | Build | House |
| 15:35 | Queue | Villager (Male) |
| 15:46 | Queue | Villager (Male) |
| 15:50 | Build | Farm |
| 15:56 | Build | House |
| 16:01 | Queue | Villager (Male) |
| 16:03 | Queue | Archer |
| 16:11 | Build | House |
| 16:12 | Build | House |
| 16:15 | Build | House |
| 16:17 | Queue | Archer |
| 16:33 | Queue | Villager (Male) |
| 16:41 | Build | House |
| 16:49 | Research | Padded Archer Armor |
| 16:55 | Queue | Villager (Male) |
| 16:58 | Build | Farm |
| 17:02 | Queue | Archer |
| 17:02 | Queue | Archer |
| 17:04 | Queue | Villager (Male) |
| 17:18 | Queue | Villager (Male) |
| 17:26 | Build | Farm |
| 17:28 | Build | Farm |
| 17:28 | Build | Farm |
| 17:54 | Build | Farm |
| 17:55 | Build | Farm |
| 17:58 | Queue | Villager (Male) |
| 18:04 | Queue | Archer |
| 18:08 | Build | Farm |
| 18:22 | Build | Farm |
| 18:44 | Build | House |
| 18:45 | Build | House |
| 18:48 | Research | Castle Age |
| 18:48 | Research | Castle Age |
| 19:07 | Research | Gold Mining |
| 19:07 | Research | Gold Mining |
| 19:37 | Research | Horse Collar |
| 19:38 | Queue | Archer |
| 19:39 | Queue | Archer |
| 19:59 | Queue | Archer |
| 19:59 | Queue | Archer |
| 20:31 | Queue | Archer |
| 20:31 | Queue | Archer |
| 20:40 | Build | House |
| 20:43 | Queue | Archer |
| 20:43 | Queue | Archer |
| 21:07 | Research | Wheelbarrow |
| 21:28 | Age | Castle Age |
| 21:29 | Build | Lumber Camp |
| 21:32 | Research | Crossbowman (upgrade) |
| 21:32 | Research | Crossbowman (upgrade) |
| 21:34 | Research | Bodkin Arrow |
| 21:34 | Research | Bodkin Arrow |
| 21:44 | Build | Palisade Wall |
| 21:54 | Queue | Villager (Male) |
| 22:00 | Build | Town Center |
| 22:16 | Queue | Villager (Male) |
| 22:17 | Queue | Archer |
| 22:17 | Queue | Archer |
| 22:26 | Research | Bow Saw |
Build order — Oliver
First 150 of 180 actions detected
| 0:11 | Queue | Villager (Male) |
| 0:11 | Queue | Villager (Male) |
| 0:11 | Queue | Villager (Male) |
| 0:12 | Queue | Villager (Male) |
| 0:13 | Build | House |
| 0:14 | Build | House |
| 1:32 | Queue | Villager (Male) |
| 1:33 | Queue | Villager (Male) |
| 2:01 | Build | Lumber Camp |
| 2:04 | Queue | Villager (Male) |
| 2:05 | Queue | Villager (Male) |
| 2:25 | Queue | Villager (Male) |
| 2:25 | Queue | Villager (Male) |
| 2:44 | Queue | Villager (Male) |
| 2:44 | Queue | Villager (Male) |
| 2:55 | Queue | Villager (Male) |
| 2:55 | Queue | Villager (Male) |
| 3:38 | Queue | Villager (Male) |
| 3:38 | Queue | Villager (Male) |
| 3:46 | Build | House |
| 4:03 | Queue | Villager (Male) |
| 4:18 | Queue | Villager (Male) |
| 4:18 | Queue | Villager (Male) |
| 5:00 | Build | Mill |
| 5:22 | Queue | Villager (Male) |
| 5:22 | Queue | Villager (Male) |
| 6:09 | Research | Loom |
| 6:24 | Research | Feudal Age |
| 7:39 | Build | Barracks |
| 8:14 | Build | House |
| 9:01 | Age | Feudal Age |
| 9:06 | Research | Double-Bit Axe |
| 9:08 | Build | Archery Range |
| 9:26 | Queue | Villager (Male) |
| 9:26 | Queue | Villager (Male) |
| 9:27 | Queue | Villager (Male) |
| 9:42 | Build | Mining Camp |
| 9:59 | Queue | Archer |
| 9:59 | Queue | Archer |
| 10:06 | Build | Stone Wall |
| 10:24 | Build | Blacksmith |
| 10:28 | Queue | Villager (Male) |
| 10:38 | Queue | Spearman |
| 10:43 | Build | House |
| 10:44 | Build | House |
| 10:45 | Build | House |
| 10:56 | Queue | Villager (Male) |
| 11:04 | Queue | Archer |
| 11:10 | Queue | Villager (Male) |
| 11:23 | Build | Stone Wall |
| 11:39 | Build | Stone Wall |
| 11:54 | Queue | Archer |
| 12:38 | Queue | Archer |
| 12:39 | Queue | Archer |
| 12:46 | Queue | Villager (Male) |
| 12:54 | Build | Archery Range |
| 13:05 | Queue | Villager (Male) |
| 13:18 | Research | Fletching |
| 13:19 | Research | Padded Archer Armor |
| 13:24 | Build | Gate |
| 13:30 | Queue | Archer |
| 13:30 | Queue | Archer |
| 13:36 | Queue | Villager (Male) |
| 13:53 | Queue | Archer |
| 13:53 | Queue | Archer |
| 13:54 | Queue | Villager (Male) |
| 14:02 | Build | Lumber Camp |
| 14:05 | Queue | Villager (Male) |
| 14:07 | Queue | Archer |
| 14:07 | Queue | Archer |
| 14:29 | Queue | Archer |
| 14:29 | Queue | Archer |
| 14:31 | Queue | Villager (Male) |
| 14:40 | Build | House |
| 14:41 | Build | House |
| 14:47 | Queue | Archer |
| 14:47 | Queue | Archer |
| 15:26 | Queue | Archer |
| 15:26 | Queue | Archer |
| 15:27 | Queue | Villager (Male) |
| 15:27 | Queue | Villager (Male) |
| 15:47 | Queue | Archer |
| 15:47 | Queue | Archer |
| 15:50 | Queue | Villager (Male) |
| 15:51 | Queue | Villager (Male) |
| 16:09 | Queue | Archer |
| 16:10 | Queue | Archer |
| 16:12 | Queue | Villager (Male) |
| 16:15 | Research | Horse Collar |
| 16:56 | Build | House |
| 16:58 | Build | Farm |
| 16:58 | Build | Farm |
| 16:59 | Build | Farm |
| 16:59 | Build | Farm |
| 16:59 | Build | Farm |
| 16:59 | Build | Farm |
| 17:00 | Build | Farm |
| 17:00 | Build | Farm |
| 17:00 | Build | Farm |
| 17:26 | Queue | Villager (Male) |
| 17:33 | Queue | Villager (Male) |
| 17:50 | Queue | Archer |
| 17:50 | Queue | Archer |
| 19:21 | Queue | Villager (Male) |
| 19:21 | Queue | Villager (Male) |
| 19:23 | Build | Farm |
| 19:56 | Build | House |
| 19:56 | Build | House |
| 20:00 | Build | Market |
| 20:20 | Queue | Archer |
| 20:20 | Queue | Archer |
| 20:37 | Build | Farm |
| 20:43 | Research | Castle Age |
| 21:10 | Build | Farm |
| 21:18 | Build | Mining Camp |
| 21:33 | Queue | Archer |
| 21:33 | Queue | Archer |
| 22:23 | Build | House |
| 22:25 | Build | House |
| 22:26 | Build | House |
| 23:16 | Queue | Archer |
| 23:18 | Queue | Archer |
| 23:31 | Age | Castle Age |
| 23:40 | Research | Crossbowman (upgrade) |
| 23:43 | Research | Bodkin Arrow |
| 23:43 | Research | Leather Archer Armor |
| 23:48 | Build | University |
| 23:58 | Build | House |
| 23:59 | Build | House |
| 24:15 | Build | Siege Workshop |
| 24:19 | Queue | Villager (Male) |
| 24:19 | Queue | Villager (Male) |
| 24:29 | Queue | Archer |
| 24:32 | Queue | Archer |
| 24:35 | Research | Ballistics |
| 24:46 | Queue | Archer |
| 24:46 | Queue | Archer |
| 24:56 | Queue | Mangonel |
| 25:09 | Queue | Villager (Male) |
| 25:09 | Queue | Villager (Male) |
| 25:26 | Queue | Villager (Male) |
| 26:05 | Queue | Villager (Male) |
| 26:07 | Queue | Mangonel |
| 26:20 | Build | Siege Workshop |
| 26:23 | Queue | Villager (Male) |
| 26:32 | Queue | Villager (Male) |
| 27:09 | Queue | Mangonel |
| 27:10 | Queue | Villager (Male) |
| 27:10 | Queue | Villager (Male) |
| 27:28 | Build | Castle |
Build order — Marchantia
First 150 of 278 actions detected
| 0:03 | Queue | Villager (Male) |
| 0:03 | Queue | Villager (Male) |
| 0:04 | Queue | Villager (Male) |
| 0:04 | Queue | Villager (Male) |
| 0:05 | Build | House |
| 0:07 | Build | House |
| 1:18 | Queue | Villager (Male) |
| 1:57 | Queue | Villager (Male) |
| 1:57 | Queue | Villager (Male) |
| 2:29 | Queue | Villager (Male) |
| 2:30 | Queue | Villager (Male) |
| 2:51 | Build | House |
| 2:58 | Queue | Villager (Male) |
| 2:58 | Queue | Villager (Male) |
| 2:58 | Queue | Villager (Male) |
| 3:27 | Build | Lumber Camp |
| 3:36 | Queue | Villager (Male) |
| 3:36 | Queue | Villager (Male) |
| 3:36 | Queue | Villager (Male) |
| 4:13 | Queue | Villager (Male) |
| 4:13 | Queue | Villager (Male) |
| 4:41 | Queue | Villager (Male) |
| 4:42 | Queue | Villager (Male) |
| 5:20 | Queue | Villager (Male) |
| 5:21 | Queue | Villager (Male) |
| 5:21 | Queue | Villager (Male) |
| 5:21 | Queue | Villager (Male) |
| 5:21 | Queue | Villager (Male) |
| 5:26 | Queue | Villager (Male) |
| 5:41 | Build | Mill |
| 6:54 | Research | Feudal Age |
| 7:30 | Queue | Villager (Male) |
| 7:30 | Queue | Villager (Male) |
| 8:06 | Queue | Villager (Male) |
| 8:12 | Build | House |
| 8:14 | Build | House |
| 9:04 | Age | Feudal Age |
| 9:07 | Build | Town Center |
| 9:12 | Research | Double-Bit Axe |
| 9:12 | Research | Double-Bit Axe |
| 9:57 | Queue | Villager (Male) |
| 9:58 | Queue | Villager (Male) |
| 10:25 | Queue | Villager (Male) |
| 10:25 | Queue | Villager (Male) |
| 10:31 | Queue | Villager (Male) |
| 10:58 | Queue | Villager (Male) |
| 11:12 | Queue | Villager (Male) |
| 11:13 | Queue | Villager (Male) |
| 11:14 | Queue | Villager (Male) |
| 11:19 | Build | Barracks |
| 11:24 | Research | Horse Collar |
| 11:25 | Research | Horse Collar |
| 11:52 | Queue | Villager (Male) |
| 11:53 | Queue | Villager (Male) |
| 12:08 | Build | Farm |
| 12:09 | Build | Farm |
| 12:11 | Build | Farm |
| 12:18 | Queue | Villager (Male) |
| 12:19 | Queue | Villager (Male) |
| 12:38 | Build | Stable |
| 12:40 | Queue | Villager (Male) |
| 12:41 | Queue | Villager (Male) |
| 12:50 | Build | Farm |
| 13:04 | Build | House |
| 13:10 | Queue | Villager (Male) |
| 13:21 | Build | House |
| 13:24 | Build | House |
| 13:27 | Queue | Villager (Male) |
| 13:34 | Queue | Scout Cavalry |
| 13:43 | Build | Blacksmith |
| 13:45 | Queue | Villager (Male) |
| 13:45 | Queue | Villager (Male) |
| 14:08 | Build | Farm |
| 14:11 | Build | House |
| 14:15 | Queue | Scout Cavalry |
| 14:27 | Queue | Spearman |
| 14:28 | Queue | Spearman |
| 14:36 | Build | Farm |
| 14:36 | Build | Farm |
| 14:36 | Build | Farm |
| 14:36 | Build | Farm |
| 14:37 | Build | Farm |
| 15:01 | Build | Farm |
| 15:05 | Build | Farm |
| 15:10 | Build | Farm |
| 15:38 | Build | Farm |
| 15:38 | Build | Farm |
| 15:41 | Build | Lumber Camp |
| 15:56 | Queue | Scout Cavalry |
| 15:57 | Queue | Scout Cavalry |
| 16:25 | Build | Farm |
| 16:38 | Queue | Villager (Male) |
| 16:38 | Queue | Villager (Male) |
| 16:55 | Build | Farm |
| 17:06 | Build | Farm |
| 17:07 | Build | Farm |
| 17:18 | Queue | Villager (Male) |
| 17:19 | Queue | Villager (Male) |
| 17:26 | Build | Farm |
| 17:31 | Build | Farm |
| 17:36 | Build | Farm |
| 17:39 | Queue | Villager (Male) |
| 17:39 | Queue | Villager (Male) |
| 17:44 | Build | Farm |
| 17:56 | Queue | Villager (Male) |
| 17:56 | Queue | Villager (Male) |
| 18:02 | Build | Farm |
| 18:27 | Build | Lumber Camp |
| 18:31 | Build | Farm |
| 18:36 | Queue | Villager (Male) |
| 18:36 | Queue | Villager (Male) |
| 18:48 | Queue | Spearman |
| 18:48 | Queue | Spearman |
| 18:50 | Queue | Villager (Male) |
| 18:50 | Queue | Villager (Male) |
| 19:05 | Build | Mining Camp |
| 19:24 | Build | Watch Tower |
| 19:51 | Build | House |
| 20:04 | Queue | Villager (Male) |
| 20:06 | Research | Wheelbarrow |
| 20:06 | Queue | Villager (Male) |
| 20:07 | Queue | Villager (Male) |
| 20:39 | Build | Farm |
| 20:44 | Build | Market |
| 20:52 | Build | Farm |
| 20:54 | Queue | Villager (Male) |
| 20:58 | Build | Farm |
| 21:01 | Build | Farm |
| 21:04 | Queue | Villager (Male) |
| 21:30 | Build | Farm |
| 21:32 | Build | Farm |
| 21:35 | Queue | Villager (Male) |
| 21:42 | Queue | Villager (Male) |
| 21:48 | Build | Farm |
| 21:49 | Build | Farm |
| 21:50 | Build | Farm |
| 21:55 | Build | Farm |
| 22:17 | Build | Farm |
| 22:24 | Build | Farm |
| 22:26 | Research | Castle Age |
| 22:27 | Research | Castle Age |
| 22:44 | Build | Farm |
| 22:46 | Queue | Villager (Male) |
| 22:46 | Queue | Villager (Male) |
| 23:00 | Queue | Villager (Male) |
| 23:14 | Build | Watch Tower |
| 23:22 | Build | Mining Camp |
| 23:32 | Build | Farm |
| 23:38 | Queue | Villager (Male) |
| 23:38 | Queue | Villager (Male) |
Build order — Vicky
First 150 of 270 actions detected
| 0:02 | Queue | Villager (Male) ×4 |
| 0:06 | Build | House |
| 1:29 | Queue | Villager (Male) |
| 1:52 | Build | House |
| 1:53 | Build | House |
| 1:56 | Queue | Villager (Male) |
| 2:28 | Queue | Villager (Male) |
| 2:40 | Queue | Villager (Male) |
| 3:01 | Queue | Villager (Male) |
| 3:45 | Research | Loom |
| 3:53 | Build | Lumber Camp |
| 4:04 | Queue | Villager (Male) |
| 4:17 | Queue | Villager (Male) |
| 4:17 | Queue | Villager (Male) |
| 4:33 | Build | House |
| 5:04 | Queue | Villager (Male) |
| 5:04 | Queue | Villager (Male) |
| 5:28 | Queue | Villager (Male) |
| 5:35 | Build | Mill |
| 6:28 | Queue | Villager (Male) |
| 6:28 | Queue | Villager (Male) |
| 7:24 | Queue | Villager (Male) |
| 8:10 | Research | Feudal Age |
| 8:16 | Build | Barracks |
| 8:20 | Build | House |
| 8:37 | Queue | Villager (Male) |
| 9:35 | Build | House |
| 10:12 | Build | Palisade Wall |
| 10:20 | Age | Feudal Age |
| 10:22 | Build | Stable |
| 10:25 | Queue | Villager (Male) |
| 10:28 | Research | Double-Bit Axe |
| 10:42 | Research | Horse Collar |
| 10:42 | Research | Horse Collar |
| 10:57 | Queue | Scout Cavalry |
| 10:57 | Queue | Scout Cavalry |
| 10:57 | Queue | Scout Cavalry |
| 11:06 | Queue | Villager (Male) |
| 11:13 | Queue | Villager (Male) |
| 11:33 | Build | Blacksmith |
| 11:36 | Queue | Villager (Male) |
| 11:50 | Build | Farm |
| 11:52 | Build | Farm |
| 11:59 | Queue | Villager (Male) |
| 12:05 | Build | Farm |
| 12:21 | Queue | Scout Cavalry |
| 12:25 | Research | Scale Barding Armor |
| 12:25 | Research | Scale Barding Armor |
| 12:44 | Queue | Villager (Male) |
| 12:50 | Queue | Scout Cavalry |
| 12:51 | Queue | Scout Cavalry |
| 12:55 | Build | Farm |
| 12:57 | Build | Farm |
| 13:22 | Queue | Villager (Male) |
| 13:22 | Queue | Villager (Male) |
| 13:26 | Build | House |
| 13:26 | Build | House |
| 13:27 | Build | House |
| 13:45 | Build | Farm |
| 13:47 | Build | Farm |
| 13:48 | Build | Farm |
| 13:59 | Queue | Villager (Male) |
| 14:19 | Queue | Villager (Male) |
| 14:32 | Build | Farm |
| 14:35 | Build | Farm |
| 14:36 | Build | Farm |
| 14:37 | Build | Farm |
| 14:40 | Queue | Scout Cavalry |
| 14:41 | Queue | Scout Cavalry |
| 14:51 | Queue | Villager (Male) |
| 14:51 | Queue | Villager (Male) |
| 15:05 | Build | Mining Camp |
| 15:08 | Queue | Villager (Male) |
| 15:23 | Queue | Scout Cavalry |
| 15:32 | Queue | Villager (Male) |
| 15:37 | Build | Farm |
| 15:42 | Build | Farm |
| 15:42 | Build | Farm |
| 15:43 | Build | Farm |
| 15:51 | Queue | Scout Cavalry |
| 15:54 | Queue | Villager (Male) |
| 16:13 | Build | House |
| 16:14 | Build | House |
| 16:16 | Build | House |
| 16:22 | Queue | Villager (Male) |
| 16:33 | Build | Farm |
| 16:34 | Build | Farm |
| 16:37 | Build | Farm |
| 16:39 | Queue | Villager (Male) |
| 17:10 | Queue | Villager (Male) |
| 17:16 | Build | Farm |
| 17:18 | Build | Farm |
| 17:34 | Queue | Villager (Male) |
| 17:41 | Build | Farm |
| 17:51 | Research | Bloodlines |
| 18:55 | Research | Wheelbarrow |
| 18:56 | Queue | Villager (Male) |
| 18:56 | Queue | Villager (Male) |
| 19:30 | Build | Market |
| 19:58 | Research | Castle Age |
| 20:32 | Research | Forging |
| 20:33 | Research | Forging |
| 20:38 | Research | Gold Mining |
| 20:45 | Build | Stable |
| 20:57 | Queue | Villager (Male) |
| 21:53 | Build | Stable |
| 22:40 | Queue | Villager (Male) |
| 22:50 | Age | Castle Age |
| 22:53 | Research | Chain Barding Armor |
| 22:56 | Queue | Knight ×3 |
| 22:57 | Queue | Villager (Male) |
| 23:03 | Build | Town Center |
| 23:13 | Research | Bow Saw |
| 23:17 | Research | Heavy Plow |
| 23:18 | Research | Heavy Plow |
| 23:26 | Queue | Knight |
| 23:35 | Queue | Villager (Male) |
| 23:46 | Build | Town Center |
| 23:52 | Research | Husbandry |
| 23:53 | Queue | Knight |
| 24:01 | Queue | Knight ×2 |
| 24:03 | Queue | Villager (Male) |
| 24:25 | Queue | Knight |
| 24:32 | Queue | Villager (Male) |
| 24:39 | Queue | Villager (Male) |
| 24:39 | Queue | Villager (Male) |
| 24:39 | Queue | Villager (Male) |
| 24:40 | Queue | Villager (Male) |
| 24:46 | Queue | Knight |
| 24:51 | Queue | Villager (Male) |
| 25:07 | Queue | Villager (Male) |
| 25:13 | Research | Hand Cart |
| 25:33 | Queue | Knight |
| 25:37 | Queue | Villager (Male) |
| 25:43 | Build | Mining Camp |
| 25:52 | Queue | Knight |
| 25:54 | Queue | Villager (Male) |
| 25:58 | Queue | Villager (Male) |
| 25:58 | Queue | Villager (Male) |
| 26:04 | Build | Mining Camp |
| 26:09 | Queue | Villager (Male) |
| 26:09 | Queue | Villager (Male) |
| 26:09 | Queue | Villager (Male) |
| 26:09 | Queue | Villager (Male) |
| 26:15 | Queue | Knight |
| 26:24 | Build | Farm |
| 26:25 | Build | Farm |
| 26:26 | Build | Farm |
| 26:27 | Build | Farm |
| 26:36 | Queue | Knight |
Build order — RenRen
First 150 of 206 actions detected
| 0:02 | Queue | Villager (Male) |
| 0:02 | Queue | Villager (Male) |
| 0:04 | Build | House |
| 0:05 | Build | House |
| 0:30 | Queue | Villager (Male) |
| 0:30 | Queue | Villager (Male) |
| 0:31 | Queue | Villager (Male) |
| 1:37 | Queue | Villager (Male) |
| 1:53 | Queue | Villager (Male) |
| 2:20 | Build | Lumber Camp |
| 2:35 | Queue | Villager (Male) |
| 2:35 | Queue | Villager (Male) |
| 2:35 | Queue | Villager (Male) |
| 3:00 | Queue | Villager (Male) |
| 3:01 | Queue | Villager (Male) |
| 3:40 | Queue | Villager (Male) |
| 3:44 | Build | House |
| 4:24 | Build | House |
| 4:25 | Queue | Villager (Male) |
| 4:25 | Queue | Villager (Male) |
| 4:35 | Queue | Villager (Male) |
| 5:18 | Build | Mill |
| 5:56 | Queue | Villager (Male) |
| 5:56 | Queue | Villager (Male) |
| 6:01 | Queue | Villager (Male) |
| 6:01 | Queue | Villager (Male) |
| 6:15 | Queue | Villager (Male) |
| 7:17 | Queue | Villager (Male) |
| 7:33 | Build | Lumber Camp |
| 7:36 | Queue | Villager (Male) |
| 7:36 | Queue | Villager (Male) |
| 8:06 | Research | Loom |
| 8:08 | Research | Feudal Age |
| 8:30 | Build | Mining Camp |
| 9:38 | Build | Barracks |
| 9:55 | Build | Palisade Wall |
| 10:22 | Build | House |
| 10:31 | Build | House |
| 10:36 | Build | Palisade Wall |
| 10:41 | Build | Palisade Wall |
| 10:42 | Age | Feudal Age |
| 10:53 | Queue | Villager (Male) |
| 11:01 | Build | Palisade Wall |
| 11:17 | Queue | Villager (Male) |
| 11:35 | Build | Archery Range |
| 11:49 | Queue | Villager (Male) |
| 11:49 | Queue | Villager (Male) |
| 11:54 | Queue | Villager (Male) |
| 12:11 | Queue | Villager (Male) |
| 12:27 | Queue | Archer |
| 12:27 | Queue | Archer |
| 12:40 | Build | Stone Wall |
| 13:26 | Build | Farm |
| 13:26 | Build | Farm |
| 13:30 | Queue | Archer |
| 13:39 | Build | House |
| 13:49 | Queue | Archer |
| 14:08 | Queue | Villager (Male) |
| 14:08 | Queue | Villager (Male) |
| 14:12 | Queue | Archer |
| 14:27 | Queue | Villager (Male) |
| 14:32 | Build | House |
| 14:41 | Build | Stone Wall |
| 14:55 | Build | Stone Wall |
| 14:55 | Build | Stone Wall |
| 15:03 | Build | Stone Wall |
| 15:16 | Build | Palisade Gate |
| 15:24 | Build | Stone Wall |
| 15:28 | Queue | Archer |
| 15:29 | Queue | Archer |
| 15:34 | Build | Blacksmith |
| 15:44 | Queue | Archer |
| 15:59 | Queue | Villager (Male) |
| 15:59 | Queue | Villager (Male) |
| 16:03 | Build | Farm |
| 16:03 | Build | Farm |
| 16:06 | Queue | Archer |
| 16:06 | Queue | Archer |
| 16:26 | Build | Farm |
| 16:27 | Build | Farm |
| 16:41 | Queue | Archer |
| 16:47 | Research | Fletching |
| 16:52 | Build | Farm |
| 16:53 | Build | Farm |
| 16:53 | Build | Farm |
| 16:56 | Queue | Archer |
| 17:19 | Build | Lumber Camp |
| 17:27 | Build | House |
| 17:29 | Build | House |
| 17:37 | Queue | Villager (Male) |
| 17:40 | Research | Castle Age |
| 17:55 | Build | House |
| 18:03 | Build | House |
| 18:05 | Build | House |
| 18:17 | Build | House |
| 18:56 | Build | Farm |
| 18:57 | Build | Farm |
| 18:57 | Build | Farm |
| 18:59 | Queue | Villager (Male) |
| 19:00 | Queue | Villager (Male) |
| 19:17 | Queue | Villager (Male) |
| 19:21 | Build | Farm |
| 19:22 | Build | Farm |
| 19:23 | Build | Farm |
| 19:29 | Queue | Archer |
| 19:29 | Queue | Archer |
| 19:41 | Queue | Villager (Male) |
| 19:56 | Build | Archery Range |
| 20:07 | Queue | Archer |
| 20:07 | Queue | Archer |
| 20:24 | Build | Stone Wall |
| 20:25 | Build | Stone Wall |
| 20:28 | Build | Stone Wall |
| 20:33 | Queue | Archer |
| 20:33 | Queue | Archer |
| 20:42 | Age | Castle Age |
| 20:43 | Queue | Villager (Male) |
| 20:43 | Queue | Villager (Male) |
| 20:57 | Research | Crossbowman (upgrade) |
| 21:26 | Queue | Villager (Male) |
| 21:27 | Queue | Villager (Male) |
| 21:29 | Build | Gate |
| 21:36 | Queue | Archer |
| 21:37 | Queue | Archer |
| 21:56 | Research | Double-Bit Axe |
| 21:56 | Research | Double-Bit Axe |
| 22:09 | Queue | Villager (Male) |
| 22:17 | Queue | Archer |
| 22:17 | Queue | Archer |
| 22:30 | Build | Farm |
| 22:55 | Build | Market |
| 23:02 | Queue | Villager (Male) |
| 23:10 | Queue | Archer |
| 23:10 | Queue | Archer |
| 23:30 | Queue | Villager (Male) |
| 23:35 | Research | Bodkin Arrow |
| 23:47 | Build | Town Center |
| 23:54 | Queue | Villager (Male) |
| 23:56 | Queue | Archer |
| 23:56 | Queue | Archer |
| 24:11 | Build | Farm |
| 24:14 | Queue | Villager (Male) |
| 24:23 | Queue | Archer |
| 24:23 | Queue | Archer |
| 24:33 | Build | Farm |
| 24:36 | Queue | Villager (Male) |
| 24:43 | Build | University |
| 24:45 | Build | House |
| 24:48 | Queue | Villager (Male) |
| 24:49 | Queue | Villager (Male) |
Build order — naski
First 150 of 211 actions detected
| 0:02 | Queue | Villager (Male) |
| 0:02 | Queue | Villager (Male) |
| 0:03 | Queue | Villager (Male) |
| 0:04 | Build | House |
| 0:06 | Build | House |
| 0:26 | Build | House |
| 0:57 | Queue | Villager (Male) |
| 0:57 | Queue | Villager (Male) |
| 1:37 | Queue | Villager (Male) |
| 1:37 | Queue | Villager (Male) |
| 2:04 | Queue | Villager (Male) |
| 2:19 | Build | Lumber Camp |
| 2:33 | Queue | Villager (Male) |
| 2:33 | Queue | Villager (Male) |
| 3:04 | Queue | Villager (Male) |
| 3:50 | Queue | Villager (Male) |
| 3:50 | Queue | Villager (Male) |
| 3:50 | Queue | Villager (Male) |
| 3:51 | Queue | Villager (Male) |
| 4:57 | Queue | Villager (Male) |
| 4:57 | Queue | Villager (Male) |
| 5:24 | Queue | Villager (Male) |
| 5:35 | Build | Barracks |
| 5:42 | Queue | Villager (Male) |
| 5:42 | Queue | Villager (Male) |
| 5:43 | Queue | Villager (Male) |
| 6:20 | Build | House |
| 6:46 | Build | House |
| 7:15 | Research | Feudal Age |
| 8:27 | Queue | Villager (Male) |
| 8:27 | Queue | Villager (Male) |
| 9:25 | Age | Feudal Age |
| 9:27 | Build | Stable |
| 9:30 | Build | Stable |
| 9:37 | Build | Mill |
| 9:59 | Queue | Scout Cavalry |
| 10:00 | Queue | Scout Cavalry |
| 10:07 | Research | Double-Bit Axe |
| 10:09 | Queue | Villager (Male) |
| 10:12 | Research | Loom |
| 10:17 | Build | Farm |
| 10:34 | Build | Farm |
| 10:35 | Build | Farm |
| 10:44 | Queue | Scout Cavalry |
| 10:46 | Queue | Villager (Male) |
| 11:07 | Queue | Scout Cavalry |
| 11:27 | Build | House |
| 11:29 | Build | House |
| 11:31 | Queue | Villager (Male) |
| 11:35 | Build | Farm |
| 11:36 | Build | Farm |
| 11:37 | Build | Farm |
| 11:59 | Queue | Villager (Male) |
| 12:01 | Build | Farm |
| 12:17 | Queue | Villager (Male) |
| 12:23 | Build | Blacksmith |
| 12:39 | Queue | Villager (Male) |
| 12:41 | Queue | Scout Cavalry |
| 13:13 | Queue | Villager (Male) |
| 13:16 | Queue | Scout Cavalry |
| 13:21 | Queue | Villager (Male) |
| 13:25 | Build | Farm |
| 13:25 | Build | Farm |
| 13:26 | Build | Farm |
| 13:27 | Build | Farm |
| 13:31 | Build | Farm |
| 13:33 | Build | Farm |
| 13:48 | Build | Farm |
| 13:55 | Queue | Villager (Male) |
| 14:34 | Queue | Villager (Male) |
| 14:34 | Queue | Villager (Male) |
| 14:38 | Queue | Villager (Male) |
| 15:04 | Build | Mining Camp |
| 15:55 | Queue | Villager (Male) |
| 15:55 | Queue | Villager (Male) |
| 15:59 | Build | House |
| 16:00 | Build | House |
| 16:01 | Build | House |
| 16:06 | Research | Wheelbarrow |
| 16:08 | Research | Scale Barding Armor |
| 16:26 | Queue | Villager (Male) |
| 16:38 | Research | Bloodlines |
| 16:39 | Queue | Scout Cavalry |
| 16:39 | Queue | Scout Cavalry |
| 16:47 | Research | Horse Collar |
| 17:11 | Research | Town Watch |
| 17:58 | Queue | Villager (Male) |
| 18:00 | Queue | Scout Cavalry |
| 18:02 | Queue | Scout Cavalry |
| 18:11 | Build | Market |
| 18:16 | Build | Lumber Camp |
| 18:32 | Queue | Villager (Male) |
| 18:32 | Queue | Villager (Male) |
| 19:01 | Build | Farm |
| 19:17 | Queue | Villager (Male) |
| 19:19 | Build | Farm |
| 19:26 | Build | Farm |
| 19:56 | Build | Farm |
| 19:59 | Research | Castle Age |
| 20:44 | Research | Gold Mining |
| 21:35 | Research | Forging |
| 22:32 | Queue | Villager (Male) |
| 22:45 | Build | Stable |
| 22:47 | Build | Stable |
| 22:49 | Age | Castle Age |
| 22:53 | Research | Light Cavalry (upgrade) |
| 22:54 | Queue | Knight |
| 22:54 | Queue | Knight |
| 23:02 | Research | Chain Barding Armor |
| 23:03 | Research | Iron Casting |
| 23:09 | Build | Town Center |
| 23:10 | Research | Bow Saw |
| 23:23 | Queue | Villager (Male) |
| 23:24 | Queue | Villager (Male) |
| 23:29 | Build | Farm |
| 23:30 | Research | Heavy Plow |
| 23:40 | Build | House |
| 23:41 | Build | House |
| 23:41 | Build | House |
| 23:54 | Queue | Knight |
| 23:55 | Queue | Knight |
| 24:00 | Queue | Villager (Male) |
| 24:02 | Queue | Villager (Male) |
| 24:43 | Queue | Villager (Male) |
| 24:44 | Queue | Villager (Male) |
| 24:49 | Build | House |
| 24:52 | Queue | Knight |
| 24:54 | Research | Husbandry |
| 24:55 | Queue | Knight |
| 25:22 | Queue | Villager (Male) |
| 25:23 | Queue | Villager (Male) |
| 25:27 | Build | Farm |
| 25:27 | Build | Farm |
| 25:29 | Build | Farm |
| 25:29 | Build | Farm |
| 25:31 | Build | Farm |
| 25:34 | Queue | Villager (Male) |
| 25:35 | Queue | Villager (Male) |
| 25:49 | Build | Mining Camp |
| 25:53 | Queue | Knight |
| 25:53 | Queue | Knight |
| 25:54 | Queue | Knight |
| 26:09 | Queue | Villager (Male) |
| 26:32 | Build | Siege Workshop |
| 26:43 | Queue | Villager (Male) |
| 26:43 | Queue | Villager (Male) |
| 26:46 | Research | Stone Mining |
| 26:49 | Queue | Villager (Male) |
| 26:49 | Queue | Villager (Male) |
| 27:12 | Queue | Villager (Male) |
Build order — ATM_おれあぽ
114 actions detected in the replay
| 0:10 | Queue | Villager (Male) |
| 0:10 | Queue | Villager (Male) |
| 0:11 | Build | House |
| 0:13 | Build | House |
| 0:28 | Queue | Villager (Male) |
| 0:33 | Queue | Villager (Male) |
| 1:37 | Queue | Villager (Male) |
| 2:03 | Build | Lumber Camp |
| 2:04 | Queue | Villager (Male) |
| 2:38 | Queue | Villager (Male) |
| 3:20 | Queue | Villager (Male) |
| 3:37 | Queue | Villager (Male) |
| 3:41 | Build | House |
| 4:05 | Queue | Villager (Male) |
| 4:14 | Queue | Villager (Male) |
| 4:17 | Build | Mill |
| 4:49 | Queue | Villager (Male) |
| 5:32 | Queue | Villager (Male) |
| 5:33 | Queue | Villager (Male) |
| 6:08 | Queue | Villager (Male) |
| 6:18 | Build | House |
| 6:29 | Queue | Villager (Male) |
| 7:22 | Queue | Villager (Male) |
| 7:22 | Queue | Villager (Male) |
| 8:27 | Queue | Villager (Male) |
| 8:54 | Research | Feudal Age |
| 9:12 | Build | Barracks |
| 9:13 | Queue | Villager (Male) |
| 9:26 | Build | Mining Camp |
| 9:44 | Queue | Villager (Male) |
| 9:51 | Queue | Villager (Male) |
| 10:04 | Build | Palisade Wall |
| 10:05 | Queue | Villager (Male) |
| 10:43 | Queue | Villager (Male) |
| 10:56 | Build | Palisade Wall |
| 10:57 | Queue | Villager (Male) |
| 11:04 | Age | Feudal Age |
| 11:08 | Build | Palisade Wall |
| 11:20 | Build | Archery Range |
| 11:37 | Build | Blacksmith |
| 11:39 | Queue | Villager (Male) |
| 11:43 | Queue | Villager (Male) |
| 11:43 | Queue | Villager (Male) |
| 11:53 | Queue | Villager (Male) |
| 11:57 | Research | Double-Bit Axe |
| 12:29 | Build | Archery Range |
| 13:06 | Queue | Archer |
| 13:07 | Queue | Archer |
| 13:07 | Queue | Archer |
| 13:35 | Research | Loom |
| 13:44 | Queue | Archer |
| 14:02 | Build | Watch Tower |
| 14:44 | Queue | Villager (Male) |
| 14:46 | Queue | Villager (Male) |
| 15:04 | Build | House |
| 15:13 | Queue | Spearman |
| 15:14 | Queue | Spearman |
| 15:20 | Queue | Villager (Male) |
| 15:29 | Queue | Spearman |
| 15:50 | Queue | Archer |
| 16:04 | Queue | Villager (Male) |
| 16:04 | Queue | Villager (Male) |
| 16:05 | Queue | Villager (Male) |
| 16:09 | Build | Farm |
| 16:28 | Build | House |
| 16:29 | Build | House |
| 16:31 | Queue | Villager (Male) |
| 16:43 | Queue | Archer |
| 16:44 | Queue | Archer |
| 16:54 | Build | Mining Camp |
| 16:59 | Queue | Archer |
| 16:59 | Queue | Archer |
| 17:09 | Build | House |
| 17:38 | Queue | Archer |
| 17:38 | Queue | Archer |
| 18:16 | Build | Lumber Camp |
| 18:28 | Build | Gate |
| 18:33 | Build | Stone Wall |
| 18:39 | Queue | Villager (Male) |
| 18:40 | Queue | Villager (Male) |
| 19:09 | Build | Farm |
| 20:06 | Build | Market |
| 20:12 | Queue | Villager (Male) |
| 20:13 | Queue | Villager (Male) |
| 20:42 | Build | Farm |
| 21:04 | Build | Farm |
| 21:21 | Queue | Villager (Male) |
| 21:59 | Build | Stone Wall |
| 22:15 | Build | Stone Wall |
| 22:27 | Queue | Spearman |
| 22:55 | Build | Stone Wall |
| 24:21 | Build | Mill |
| 24:22 | Build | Farm |
| 24:22 | Build | Farm |
| 24:23 | Build | Farm |
| 24:23 | Build | Farm |
| 24:24 | Build | Farm |
| 24:42 | Build | Stone Wall |
| 24:49 | Build | House |
| 24:57 | Build | Stone Wall |
| 25:17 | Build | Stone Wall |
| 25:31 | Queue | Villager (Male) |
| 25:31 | Queue | Villager (Male) |
| 25:40 | Build | Stone Wall |
| 26:41 | Build | House |
| 26:44 | Build | House |
| 26:48 | Build | House |
| 27:17 | Build | Stone Wall |
| 28:57 | Queue | Villager (Male) |
| 30:12 | Build | Town Center |
| 31:06 | Queue | Villager (Male) |
| 31:07 | Queue | Villager (Male) |
| 32:19 | Queue | Villager (Male) |
| 32:38 | Queue | Villager (Male) |
Build order — cgan13289
First 150 of 247 actions detected
| 0:01 | Queue | Villager (Male) |
| 0:01 | Queue | Villager (Male) |
| 0:02 | Build | House |
| 0:03 | Build | House |
| 0:14 | Queue | Villager (Male) |
| 0:14 | Queue | Villager (Male) |
| 1:25 | Queue | Villager (Male) |
| 1:25 | Queue | Villager (Male) |
| 1:50 | Build | Lumber Camp |
| 1:53 | Queue | Villager (Male) |
| 1:53 | Queue | Villager (Male) |
| 2:28 | Queue | Villager (Male) |
| 2:29 | Queue | Villager (Male) |
| 2:29 | Queue | Villager (Male) |
| 3:09 | Queue | Villager (Male) |
| 3:09 | Queue | Villager (Male) |
| 3:14 | Queue | Villager (Male) |
| 3:28 | Build | House |
| 3:52 | Queue | Villager (Male) |
| 4:28 | Queue | Villager (Male) |
| 4:28 | Queue | Villager (Male) |
| 4:39 | Queue | Villager (Male) |
| 4:40 | Queue | Villager (Male) |
| 5:46 | Queue | Villager (Male) |
| 5:48 | Build | Mill |
| 5:56 | Queue | Villager (Male) |
| 6:32 | Queue | Villager (Male) |
| 7:05 | Research | Loom |
| 7:29 | Research | Feudal Age |
| 7:29 | Research | Feudal Age |
| 8:10 | Queue | Villager (Male) |
| 8:10 | Queue | Villager (Male) |
| 8:18 | Build | Barracks |
| 8:24 | Build | House |
| 9:41 | Age | Feudal Age |
| 9:42 | Build | Stable |
| 10:02 | Queue | Villager (Male) |
| 10:03 | Research | Double-Bit Axe |
| 10:18 | Queue | Villager (Male) |
| 10:37 | Build | Lumber Camp |
| 10:41 | Queue | Scout Cavalry |
| 10:41 | Queue | Scout Cavalry |
| 10:46 | Queue | Villager (Male) |
| 10:55 | Build | House |
| 11:01 | Queue | Villager (Male) |
| 11:16 | Research | Town Watch |
| 11:21 | Queue | Scout Cavalry |
| 11:23 | Build | House |
| 11:40 | Build | Farm |
| 11:42 | Research | Horse Collar |
| 11:58 | Queue | Villager (Male) |
| 12:02 | Queue | Scout Cavalry |
| 12:27 | Queue | Villager (Male) |
| 12:28 | Queue | Villager (Male) |
| 12:50 | Build | Mining Camp |
| 12:51 | Queue | Villager (Male) |
| 13:10 | Build | Blacksmith |
| 13:20 | Queue | Villager (Male) |
| 13:39 | Build | Market |
| 14:06 | Queue | Villager (Male) |
| 14:10 | Build | Farm |
| 14:27 | Queue | Villager (Male) |
| 14:36 | Queue | Villager (Male) |
| 14:38 | Build | Farm |
| 14:42 | Build | House |
| 14:45 | Research | Wheelbarrow |
| 15:11 | Build | Farm |
| 15:16 | Build | House |
| 15:21 | Queue | Villager (Male) |
| 16:10 | Research | Castle Age |
| 16:10 | Research | Castle Age |
| 16:30 | Research | Gold Mining |
| 16:48 | Build | Farm |
| 16:53 | Build | Palisade Wall |
| 16:56 | Build | House |
| 16:58 | Build | House |
| 17:06 | Build | Palisade Wall |
| 17:08 | Build | Palisade Wall |
| 17:18 | Build | Palisade Wall |
| 17:19 | Build | Palisade Wall |
| 17:22 | Build | Palisade Wall |
| 17:24 | Build | Palisade Wall |
| 17:31 | Queue | Villager (Male) |
| 17:32 | Queue | Villager (Male) |
| 17:34 | Build | House |
| 17:37 | Build | House |
| 17:53 | Build | House |
| 18:02 | Build | Stable |
| 18:09 | Queue | Villager (Male) |
| 18:52 | Age | Castle Age |
| 18:53 | Queue | Knight |
| 18:57 | Build | Palisade Wall |
| 19:18 | Queue | Villager (Male) |
| 19:38 | Build | Palisade Wall |
| 20:05 | Build | House |
| 20:10 | Build | Palisade Wall |
| 20:11 | Build | Palisade Wall |
| 20:15 | Build | House |
| 20:24 | Queue | Knight |
| 20:39 | Queue | Villager (Male) |
| 20:39 | Queue | Villager (Male) |
| 20:54 | Build | Farm |
| 20:54 | Build | Farm |
| 20:55 | Build | Farm |
| 20:55 | Build | Farm |
| 20:55 | Build | Farm |
| 21:23 | Build | Palisade Wall |
| 21:29 | Queue | Knight |
| 21:33 | Queue | Villager (Male) |
| 21:41 | Build | Monastery |
| 21:54 | Queue | Villager (Male) |
| 21:54 | Queue | Villager (Male) |
| 22:13 | Build | Farm |
| 22:15 | Queue | Villager (Male) |
| 22:35 | Build | Town Center |
| 22:37 | Queue | Villager (Male) |
| 22:44 | Queue | Monk |
| 22:53 | Queue | Villager (Male) |
| 22:58 | Build | Farm |
| 23:16 | Research | Fletching |
| 23:20 | Queue | Villager (Male) |
| 23:38 | Build | Farm |
| 23:46 | Queue | Villager (Male) |
| 23:49 | Queue | Villager (Male) ×3 |
| 23:52 | Build | Farm |
| 23:58 | Build | Farm |
| 24:00 | Queue | Villager (Male) |
| 24:00 | Queue | Villager (Male) |
| 24:16 | Build | Farm |
| 24:19 | Build | Farm |
| 24:20 | Queue | Villager (Male) |
| 24:21 | Queue | Villager (Male) |
| 24:33 | Build | Town Center |
| 24:42 | Research | Bow Saw |
| 24:57 | Queue | Villager (Male) |
| 24:58 | Queue | Villager (Male) |
| 25:05 | Build | Farm |
| 25:07 | Build | Farm |
| 25:20 | Queue | Villager (Male) ×3 |
| 25:24 | Build | Farm |
| 25:38 | Queue | Villager (Male) ×3 |
| 25:38 | Queue | Villager (Male) ×3 |
| 25:54 | Queue | Knight |
| 25:54 | Queue | Knight |
| 26:03 | Queue | Monk |
| 26:15 | Build | Stable |
| 26:19 | Queue | Villager (Male) ×4 |
| 26:19 | Queue | Villager (Male) ×4 |
| 26:27 | Build | Farm |
| 26:30 | Build | House |
Match timeline
| 4:31 | 尼玛个蛋 · wall_segment Palisade Wall x7 |
| 4:33 | 尼玛个蛋 · wall_segment Palisade Wall x5 |
| 5:35 | naski · first_building Barracks |
| 7:39 | Oliver · first_building Barracks |
| 8:16 | Vicky · first_building Barracks |
| 8:18 | cgan13289 · first_building Barracks |
| 8:26 | 尼玛个蛋 · first_building Barracks |
| 9:01 | Oliver · age_up feudal |
| 9:04 | Marchantia · age_up feudal |
| 9:08 | Oliver · first_building Archery Range |
| 9:12 | ATM_おれあぽ · first_building Barracks |
| 9:19 | 尼玛个蛋 · age_up feudal |
| 9:21 | 尼玛个蛋 · first_building Archery Range |
| 9:25 | naski · age_up feudal |
| 9:27 | naski · first_building Stable |
| 9:38 | RenRen · first_building Barracks |
| 9:41 | cgan13289 · age_up feudal |
| 9:42 | cgan13289 · first_building Stable |
| 9:55 | RenRen · wall_segment Palisade Wall x5 |
| 10:04 | ATM_おれあぽ · wall_segment Palisade Wall x6 |
| 10:06 | Oliver · wall_segment Stone Wall x17 |
| 10:12 | Vicky · wall_segment Palisade Wall x4 |
| 10:20 | Vicky · age_up feudal |
| 10:22 | Vicky · first_building Stable |
| 10:36 | RenRen · wall_segment Palisade Wall x2 |
| 10:41 | 尼玛个蛋 · wall_segment Palisade Wall x1 |
| 10:41 | RenRen · wall_segment Palisade Wall x10 |
| 10:42 | RenRen · age_up feudal |
| 10:56 | ATM_おれあぽ · wall_segment Palisade Wall x5 |
| 11:01 | RenRen · wall_segment Palisade Wall x9 |
| 11:04 | ATM_おれあぽ · age_up feudal |
| 11:08 | ATM_おれあぽ · wall_segment Palisade Wall x8 |
| 11:19 | Marchantia · first_building Barracks |
| 11:20 | ATM_おれあぽ · first_building Archery Range |
| 11:23 | Oliver · wall_segment Stone Wall x4 |
| 11:35 | RenRen · first_building Archery Range |
| 11:39 | Oliver · wall_segment Stone Wall x6 |
| 12:38 | Marchantia · first_building Stable |
| 12:40 | RenRen · wall_segment Stone Wall x10 |
| 14:41 | RenRen · wall_segment Stone Wall x5 |
| 14:55 | RenRen · wall_segment Stone Wall x3 |
| 14:55 | RenRen · wall_segment Stone Wall x1 |
| 15:03 | RenRen · wall_segment Stone Wall x1 |
| 15:24 | RenRen · wall_segment Stone Wall x1 |
| 16:02 | cgan13289 · first_market_sell 100 stone |
| 16:03 | cgan13289 · first_market_buy 100 food |
| 16:53 | cgan13289 · wall_segment Palisade Wall x1 |
| 17:06 | cgan13289 · wall_segment Palisade Wall x1 |
| 17:08 | cgan13289 · wall_segment Palisade Wall x1 |
| 17:18 | cgan13289 · wall_segment Palisade Wall x1 |
| 17:19 | cgan13289 · wall_segment Palisade Wall x1 |
| 17:22 | cgan13289 · wall_segment Palisade Wall x1 |
| 17:24 | cgan13289 · wall_segment Palisade Wall x1 |
| 18:33 | ATM_おれあぽ · wall_segment Stone Wall x3 |
| 18:52 | cgan13289 · age_up castle |
| 18:57 | cgan13289 · wall_segment Palisade Wall x1 |
| 19:10 | naski · first_market_buy 100 food |
| 19:11 | naski · first_market_sell 100 wood |
| 19:38 | cgan13289 · wall_segment Palisade Wall x1 |
| 20:10 | cgan13289 · wall_segment Palisade Wall x1 |
| 20:11 | cgan13289 · wall_segment Palisade Wall x1 |
| 20:24 | RenRen · wall_segment Stone Wall x1 |
| 20:25 | RenRen · wall_segment Stone Wall x1 |
| 20:28 | RenRen · wall_segment Stone Wall x4 |
| 20:42 | RenRen · age_up castle |
| 21:23 | cgan13289 · wall_segment Palisade Wall x1 |
| 21:28 | 尼玛个蛋 · age_up castle |
| 21:39 | Marchantia · first_market_sell 100 stone |
| 21:41 | cgan13289 · first_building Monastery |
| 21:44 | 尼玛个蛋 · wall_segment Palisade Wall x1 |
| 21:59 | ATM_おれあぽ · wall_segment Stone Wall x16 |
| 22:15 | ATM_おれあぽ · wall_segment Stone Wall x16 |
| 22:49 | naski · age_up castle |
| 22:50 | Vicky · age_up castle |
| 22:55 | ATM_おれあぽ · wall_segment Stone Wall x7 |
| 23:31 | Oliver · age_up castle |
| 23:43 | RenRen · first_market_buy 100 stone |
| 23:57 | Vicky · first_market_sell 100 wood |
| 24:12 | ATM_おれあぽ · first_market_sell 100 wood |
| 24:15 | Oliver · first_building Siege Workshop |
| 24:42 | ATM_おれあぽ · wall_segment Stone Wall x1 |
| 24:55 | Oliver · first_market_buy 100 wood |
| 24:57 | ATM_おれあぽ · wall_segment Stone Wall x1 |
| 25:06 | Marchantia · age_up castle |
| 25:17 | ATM_おれあぽ · wall_segment Stone Wall x1 |
| 25:40 | ATM_おれあぽ · wall_segment Stone Wall x4 |
| 26:32 | naski · first_building Siege Workshop |
| 26:37 | RenRen · first_market_sell 100 wood |
| 27:17 | ATM_おれあぽ · wall_segment Stone Wall x2 |
| 27:28 | Oliver · first_building Castle |
| 27:35 | naski · first_building Monastery |
| 27:41 | RenRen · first_building Siege Workshop |
| 27:47 | 尼玛个蛋 · first_market_buy 100 wood |
| 29:29 | Vicky · first_building Monastery |
| 31:08 | 尼玛个蛋 · first_building Castle |
| 31:25 | Vicky · first_building Castle |
| 31:53 | 尼玛个蛋 · first_building Monastery |
| 32:56 | Marchantia · resign |
| 33:51 | Oliver · first_market_sell 100 food |
| 34:49 | naski · first_building Castle |
[ AI ANALYSIS · 1 CREDIT ]
What really happened in this match?
Wolo.gg analyzes every decision: build order, eco, micro, common mistakes by bracket. Personalized analysis on WhatsApp or Discord in 30 seconds.
Civ guide
Maya
Perfil
Jugador #24796223